 Dungeon Crawl Stone Soup version 0.22.1-1-ga44c0e5 (webtiles) character file.

113 Stimpy the Insei (level 4, -3/28 HPs)
             Began as an Octopode Transmuter on Oct 29, 2018.
             Killed by divine providence
             ... invoked by an orc priest
              (16 damage)
             ... on level 3 of the Dungeon.
             The game lasted 00:05:39 (2485 turns).

Stimpy the Insei (Octopode Transmuter)              Turns: 2485, Time: 00:05:41

Health: -3/28      AC:  2    Str:  9    XL:     4   Next: 96%
Magic:  1/7        EV: 20    Int: 15    God:
Gold:   94         SH:  0    Dex: 18    Spells: 1/7 levels left

rFire    . . .     SeeInvis .     - Unarmed
rCold    . . .     Gourm    .   (shield currently unavailable)
rNeg     . . .     Faith    .   (helmet currently unavailable)
rPois    x         Spirit   .   (no amulet)
rElec    .         Reflect  .   (no ring)
rCorr    .         Harm     .   (no ring)
MR       .....                  (no ring)
Stlth    ++........             (no ring)
HPRegen  0.09/turn              (no ring)
MPRegen  0.10/turn              (no ring)
                                (no ring)
                                (no ring)

@: spider-form
A: tiny, almost no armour, stealthy swim, (amphibious), 8 rings, (constrict 8)
a: End Transformation


You were on level 3 of the Dungeon.
You were near starving.
You were a venomous arachnid creature.
You visited 1 branch of the dungeon, and saw 3 of its levels.

You collected 94 gold pieces.

Inventory:

Missiles
 a - 17 arrows
 e - 58 stones (quivered)
Scrolls
 b - 3 scrolls of remove curse {unknown}
 d - a scroll of fear {unknown}
 f - a scroll of blinking {unknown}
 i - a scroll of identify {unknown}
 k - a scroll of immolation {unknown}
 l - a scroll of teleportation {unknown}
Potions
 g - a potion of resistance {unknown}
 h - a potion of cancellation {unknown}
 j - a potion of mutation {unknown}
Comestibles
 c - 6 rations


   Skills:
 + Level 1.3 Fighting
 - Level 2.0 Dodging
 * Level 2.2 Stealth
 * Level 4.3 Unarmed Combat
 + Level 2.3 Spellcasting
 + Level 2.4 Transmutations
 * Level 1.0 Poison Magic


You had one spell level left.
You knew the following spells:

 Your Spells              Type           Power        Failure   Level  Hunger
a - Beastly Appendage     Tmut           #.....       21%         1    #......
b - Sticks to Snakes      Tmut           #.......     28%         2    ###....
c - Spider Form           Tmut/Pois      #.........   52%         3    ###....

Your spell library contained the following spells:

 Spells                   Type           Power        Failure   Level  Hunger
 Ice Form                 Ice/Tmut       #.......     90%         4    #####..
 Blade Hands              Tmut           #.........   98%         5    ######.


Dungeon Overview and Level Annotations

Branches:
Dungeon (3/15)

Altars:


Innate Abilities, Weirdness & Mutations

You cannot wear most types of armour.
You are very stealthy in the water. (Stealth+)
((You are amphibious.))
You can wear up to eight rings at the same time.
((You can use your tentacles to constrict eight enemies at once.))
((Your skin changes colour to match your surroundings (Stealth+).))
((Your rubbery body absorbs attacks. (AC +1, EV +1)))


Message History

Your transformation has ended.
The orc priest barely misses you.
You tentacle-slap the orc priest. Your grab misses the orc priest.
The orc priest is almost dead.
The orc priest casts a cantrip, but nothing happens.
The orc priest completely misses you.
You tentacle-slap the orc priest.
You kill the orc priest!
Your Stealth skill increases to level 2!
Your Poison Magic skill increases to level 1!
The orc priest calls down the wrath of Beogh upon you.
You barely resist.
Casting: Spider Form (safe; 30% risk of failure)
Confirm with . or Enter, or press ? or * to list all spells.
You turn into a venomous arachnid creature.
The orc shouts!
The orc priest calls down the wrath of Beogh upon you.
Beogh smites you!
Ouch! That really hurt!
You die...

##.# # ...
#.#####.#########
#.......#(#......
.................
####....#.#....
#.##)#.# .. #.
#†# # .. #s# ...
#)# .... .o.
.....o....
............
.###.#... <.
..###.# ## ### .#


You could see an orc priest and an orc.

Vanquished Creatures
  An orc priest (D:3)
  2 adders (D:2)
  2 gnolls
  An ooze (D:2)
  A dart slug (D:1)
  2 leopard geckos
  An orc (D:3)
  3 bats
  3 giant cockroaches (D:1)
  4 hobgoblins
  2 jackals (D:1)
  A frilled lizard (D:1)
  6 goblins (D:1)
  4 kobolds
  5 rats
38 creatures vanquished.

Notes
Turn   | Place    | Note
-------+----------+-------------------------------------------
     0 | D:1      | Stimpy the Octopode Transmuter began the quest for the Orb.
     0 | D:1      | Reached XP level 1. HP: 13/13 MP: 3/3
    84 | D:1      | Reached XP level 2. HP: 12/18 MP: 5/5
   171 | D:1      | Learned a level 2 spell: Sticks to Snakes
   410 | D:1      | Reached XP level 3. HP: 9/23 MP: 4/6
   949 | D:1      | Reached skill level 4 in Unarmed Combat
  1229 | D:1      | Learned a level 3 spell: Spider Form
  1276 | D:2      | Reached skill level 1 in Stealth
  1870 | D:2      | Reached XP level 4. HP: 18/28 MP: 5/7
  2459 | D:2      | You fall through a shaft!
  2484 | D:3      | Reached skill level 1 in Poison Magic
  2485 | D:3      | Killed from afar by an orc priest

Skill      XL: |  1  2  3  4 |
---------------+-------------+-----
Unarmed Combat | 4 |  4.3
Stealth        | 1 2 |  2.2
Poison Magic   | 1 |  1.0
Fighting       | |  1.3
Dodging        | |  2.0
Spellcasting   | |  2.3
Transmutations | |  2.4

Action                   |  1- 3 |  4- 6 || total
-------------------------+-------+-------++-------
Melee: Unarmed           |    74 |    14 ||    88
       Constrict         |    17 |     1 ||    18
       Kick              |    10 |     2 ||    12
       Tentacles         |     9 |     1 ||    10
       Punch             |     2 |     1 ||     3
 Cast: Beastly Appendage |    19 |     3 ||    22
       Sticks to Snakes  |     1 |       ||     1
       Spider Form       |       |     3 ||     3
 Stab: Sleeping          |     3 |     1 ||     4
  Eat: Chunk             |     3 |     1 ||     4
Armor: Skin              |     9 |       ||     9
Dodge: Dodged            |    50 |    17 ||    67
